 Dungeon Crawl Stone Soup version 0.27.1-34-g3ba077fa99 (webtiles) character file.

Game seed: 6845040771233815227

105 squill the Firebug (level 4, 0/33 HPs)
             Began as a Hill Orc Fire Elementalist on Jan 6, 2022.
             Slain by a phantom (8 damage)
             ... on level 3 of the Dungeon.
             The game lasted 00:13:26 (2687 turns).

squill the Firebug (Hill Orc Fire Elementalist)     Turns: 2687, Time: 00:13:27

Health: 0/33       AC:  8    Str: 10    XL:     4   Next: 83%
Magic:  0/7        EV: 10    Int: 16    God:
Gold:   133        SH:  0    Dex: 11    Spells: 6/7 levels left

rFire    . . .     SeeInvis +   g - +0 hand axe
rCold    . . .     Faith    .   (no shield)
rNeg     . . .     Spirit   .   d - +0 ring mail
rPois    .         Reflect  .   (no helmet)
rElec    .         Harm     .   e - +2 cloak
rCorr    .         Rampage  .   (no gloves)
Will     .....                  (no boots)
Stlth    +.........             (no amulet)
HPRegen  0.11/turn              n - ring of see invisible
MPRegen  0.10/turn              (no ring)

@: very slightly contaminated
A: no striking features
a: no special abilities


You were on level 3 of the Dungeon.
You visited 1 branch of the dungeon, and saw 3 of its levels.

You collected 133 gold pieces.

Inventory:

Hand Weapons
 b - a +0 whip
 g - a +0 hand axe (weapon)
Missiles
 l - 8 curare-tipped darts
 m - 2 datura-tipped darts
Armour
 a - a +0 robe
 d - a +0 ring mail (worn)
 e - a +2 cloak (worn)
Jewellery
 n - a ring of see invisible (left hand)
Scrolls
 c - a scroll of acquirement {unknown}
 h - 2 scrolls of enchant armour {unknown}
 i - 4 scrolls of teleportation {unknown}
 r - a scroll of brand weapon {unknown}
Potions
 f - a potion of flight {unknown}
 j - a potion of lignification {unknown}
 k - a potion of haste {unknown}
 o - a potion of magic {unknown}
 p - a potion of resistance {unknown}
 q - a potion of heal wounds {unknown}


   Skills:
 * Level 2.4 Armour
 - Level 1.5 Dodging
 - Level 1.5 Stealth
 + Level 2.2 Spellcasting
 + Level 2.2 Conjurations
 + Level 4.0 Fire Magic


You had 6 spell levels left.
You knew the following spells:

 Your Spells              Type           Power      Damage    Failure   Level
a - Foxfire               Conj/Fire      44%        2x1d6     14%         1

Your spell library contained the following spells:

 Spells                   Type           Power      Damage    Failure   Level
 Conjure Flame            Conj/Fire      11%        6-21      38%         3
 Inner Flame              Hex/Fire       8%         N/A       54%         3
 Sticky Flame             Conj/Fire      11%        2d3       80%         4
 Fireball                 Conj/Fire      5%         3d5       98%         5


Dungeon Overview and Level Annotations

Branches:
Dungeon (3/15)

Altars:
Uskayaw


Message History

The phantom is moderately damaged.
The foxfire hits the phantom but does no damage.
The phantom is moderately damaged.
The phantom hits you. The phantom closely misses you.
Casting: Foxfire (safe; 14% risk of failure)
Confirm with . or Enter, or press ? or * to list all spells.
You miscast Foxfire.
Nothing appears to happen.
The phantom closely misses you.
Casting: Foxfire (safe; 14% risk of failure)
Confirm with . or Enter, or press ? or * to list all spells.
You conjure some foxfire!
The phantom barely misses you.
You closely miss the phantom.
The phantom is moderately damaged.
The foxfire hits the phantom but does no damage.
The phantom is moderately damaged.
The foxfire hits the phantom.
The phantom is moderately damaged.
The phantom closely misses you.
Casting: Foxfire (safe; 14% risk of failure)
Confirm with . or Enter, or press ? or * to list all spells.
You conjure some foxfire!
The phantom barely misses you.
You barely miss the phantom.
The phantom is moderately damaged.
The foxfire hits the phantom but does no damage.
The phantom is moderately damaged.
The foxfire hits the phantom.
The phantom is moderately damaged.
The phantom hits you.
Casting: Foxfire (safe; 14% risk of failure)
Confirm with . or Enter, or press ? or * to list all spells.
You conjure some foxfire!
The phantom hits you.
* * * LOW HITPOINT WARNING * * *
The phantom blinks!
You blink.
Found a whip.
The foxfire hits the phantom.
The phantom is heavily damaged.
The foxfire hits the phantom but does no damage.
The phantom is heavily damaged.
Casting: Foxfire (safe; 14% risk of failure)
Confirm with . or Enter, or press ? or * to list all spells.
You conjure some foxfire!
The phantom hits you!
You die...

. #.# . ########
#.# . ###.....§#
#.# ........§#
#.### .......§.#
#...#
.........#######.#
.........#.......#
#.......W#.#######
#.......@#.#
#......vv..#
#....####### ...
.. )


You could see a phantom (ally target).

Vanquished Creatures
  4 adders
  3 dart slugs
  3 bats
  12 endoplasms
  A giant cockroach (D:3)
  3 goblins
  10 hobgoblins
  A jackal (D:2)
  6 kobolds
  8 ball pythons
  4 frilled lizards
  5 rats (D:2)
60 creatures vanquished.

Vanquished Creatures (others)
  85 foxfires
85 creatures vanquished.

Grand Total: 145 creatures vanquished

Notes
Turn   | Place    | Note
-------+----------+-------------------------------------------
     0 | D:1      | squill the Hill Orc Fire Elementalist began the quest for
                  | the Orb.
     0 | D:1      | Reached XP level 1. HP: 14/14 MP: 3/3
   426 | D:1      | Reached XP level 2. HP: 20/20 MP: 4/4
   767 | D:2      | Reached skill level 1 in Armour
   988 | D:2      | Reached XP level 3. HP: 24/26 MP: 5/5
  1680 | D:2      | Found a faded altar of an unknown god.
  1687 | D:2      | Reached XP level 4. HP: 33/33 MP: 4/7
  2275 | D:3      | Found a hide-covered altar of Uskayaw.
  2523 | D:3      | Reached skill level 4 in Fire Magic
  2670 | D:3      | Noticed a phantom
  2687 | D:3      | Slain by a phantom

Illustrated notes

Levels and vault maps discovered:
D:1:      roderic_crossed_star, layout_rooms
D:2:      minmay_razor_zed, layout_basic,
          hellmonk_ecumenical_altar_leap_of_faith
D:3:      layout_basic, mainiacjoe_overflow_concentric_impassable

Skill      XL: |  1  2  3  4 |
---------------+-------------+-----
Armour         | 1 2 |  2.4
Spellcasting   | 2 |  2.2
Conjurations   | 2 |  2.2
Fire Magic     | 4 |  4.0
Dodging        | |  1.5
Stealth        | |  1.5

Action                   |  1- 3 |  4- 6 || total
-------------------------+-------+-------++-------
Melee: Hand axe          |    84 |    80 ||   164
 Cast: Foxfire           |    29 |    22 ||    51
 Stab: Sleeping          |     4 |       ||     4
Armor: Ring mail         |    47 |    50 ||    97
       Robe              |     1 |       ||     1
Dodge: Dodged            |    49 |    58 ||   107
